 Dungeon Crawl Stone Soup version 0.29-a0-1019-g84f7d21838 (webtiles) character file.

Game seed: 2218718116581036760

1464 drugrobin the Cleaver (level 8, -3/62 HPs)
             Began as a Demigod Fighter on Aug 10, 2022.
             Slain by a gnoll bouda
             ... wielding a +0 whip
              (5 damage)
             ... on level 3 of the Dungeon.
             The game lasted 00:10:49 (5013 turns).

drugrobin the Cleaver (Demigod Fighter)             Turns: 5013, Time: 00:10:49

Health: -3/62      AC:  6    Str: 24 (25) XL:     8   Next: 24%
Magic:  11/11      EV:  9    Int:  9 (10) God:
Gold:   143        SH:  4    Dex: 12 (13) Spells: 7/7 levels left

rFire   . . .      SeeInvis .   a - +2 flail (protect)
rCold   . . .      Faith    .   y - +0 buckler
rNeg    . . .      Spirit   .   m - +0 scale mail
rPois   .          Reflect  .   (no helmet)
rElec   .          Harm     .   (no cloak)
rCorr   .          Rampage  .   (no gloves)
Will    .....                   (no boots)
Stlth   +.........              t - amulet of magic regeneration
HPRegen 0.20/turn               (no ring)
MPRegen 0.52/turn               (no ring)

@: attractive
A: high MP 2, forlorn, divine attributes, camouflage 1, subdued magic 1
a: no special abilities


You were on level 3 of the Dungeon.
You visited 1 branch of the dungeon, and saw 4 of its levels.

You collected 143 gold pieces.

Inventory:

Hand Weapons
 a - a +2 flail of protection (weapon)
 b - a +3 sling of flaming
 c - a +0 dagger of venom
 u - a +0 war axe
Missiles
 j - 51 stones (quivered)
 o - 12 poisoned darts
Armour
 m - a +0 scale mail (worn)
 y - a +0 buckler (worn)
Jewellery
 t - an amulet of magic regeneration (around neck)
 A - a ring of fire
Scrolls
 e - 2 scrolls of teleportation {unknown}
 f - 2 scrolls of fear {unknown}
 g - 6 scrolls of butterflies {unknown}
 i - a scroll of immolation {unknown}
 n - 2 scrolls of noise {unknown}
 p - a scroll of poison {unknown}
 s - 5 scrolls of identify {unknown}
 w - 2 scrolls of amnesia {unknown}
Potions
 d - a potion of might
 r - a potion of mutation
 z - a potion of heal wounds {unknown}
 B - a potion of ambrosia {unknown}


   Skills:
 - Level 2.7 Fighting
 * Level 13.5 Axes
 - Level 2.7 Armour
 - Level 2.7 Shields


You had 7 spell levels left.
You didn't know any spells.
Your spell library contained the following spells:

 Spells                   Type           Power      Damage    Failure   Level
 Ensorcelled Hibernation  Hex/Ice        0%         N/A       87%         2
 Passwall                 Tmut/Erth      0%         N/A       87%         2
 Swiftness                Air            0%         N/A       98%         3


Dungeon Overview and Level Annotations

Branches:
Dungeon (4/15)
 Temple: D:4-7

Shops:
D:1 [[=(


Innate Abilities, Weirdness & Mutations

You have a considerably increased reservoir of magic. (+20% MP)
You shall have no god before yourself.
Your divine heritage dramatically boosts your attributes as you level up.
Your skin changes colour to match your surroundings (Stealth+).
Your spells are a little easier to cast, but a little less powerful.


Message History

* * * LOW HITPOINT WARNING * * *
Unknown command.
Press: ? - help, v - describe, . - travel, g - get item
Here: a gnoll bouda, wielding a +0 whip and wearing a +0 robe (heavily wounded) Item here: a +0 flail.
The floor, spattered with blood.
Unknown command.
Okay, then.
You aren't carrying any items that you can evoke.
Unknown command.
Okay, then.
Unknown command.
Okay, then.
It was a potion of magic.
Magic courses through your body. The gnoll bouda misses you.
Unknown command.
It was a potion of attraction.
You feel attractive to monsters. You block the gnoll bouda's attack.
Unknown command.
Unknown command.
It was a potion of experience.
You feel more experienced!
Your Axes skill gained 6 levels and is now at level 13!
You have reached level 8!
The gnoll bouda hits you with a +0 whip.
* * * LOW HITPOINT WARNING * * *
Unknown command.
Unknown command.
Unknown command.
Unknown command.
It was a potion of degeneration.
There was something very wrong with that liquid.
You feel weakened.
You feel dopey.
You feel clumsy. The gnoll bouda closely misses you.
It was a potion of cancellation.
Your magical effects are unravelling.
You feel magically purged.
The gnoll bouda hits you with a +0 whip.
You die...

#####.#.#.##.##.###.####.#####.
#.#†#.##.##.# #.# #.#.....
#.#......##.# #.# #.#.####
#.###.#####.###.# #.#.# #.#
#.#.......#.# #.#.#### #.#
#.#.###.#.#.# #.#...).
#.###.#.....#.#.# #.######
#######.....#######.#.#
#.......
...............g@.....#
#.######
###################.### #.#
#......# ### #.####.#
#.##################
#...................
#.################## #.# ###


You could see a gnoll bouda.

Vanquished Creatures
  Sigmund (D:3)
  Duvessa (D:4)
  A black bear (D:4)
  A phantom (D:3)
  A necrophage (D:4)
  Dowan (D:4)
  An orc priest (D:3)
  An orc wizard (D:3)
  Robin (D:2)
  2 gnolls
  4 adders
  2 dart slugs (D:3)
  9 orcs
  3 ball pythons
  4 bats (D:3)
  5 endoplasms
  2 giant cockroaches
  13 goblins
  11 hobgoblins
  3 jackals
  10 kobolds
  A quokka (D:1)
  2 frilled lizards
  7 rats
87 creatures vanquished.

Notes
Turn   | Place    | Note
-------+----------+-------------------------------------------
     0 | D:1      | drugrobin the Demigod Fighter began the quest for the Orb.
     0 | D:1      | Reached XP level 1. HP: 18/18 MP: 3/3
    25 | D:1      | Found Xahiupnayh's Weapon Boutique.
   251 | D:1      | Reached skill level 2 in Axes
   328 | D:1      | Reached XP level 2. HP: 18/25 MP: 4/4
   773 | D:1      | Reached skill level 3 in Axes
   774 | D:1      | Found Febion's Armour Emporium.
   805 | D:1      | Found Ufodo's Jewellery Shoppe.
   917 | D:1      | Found Taonauz's Antique Armour Shoppe.
  1502 | D:2      | Reached XP level 3. HP: 29/30 MP: 5/5
  1655 | D:2      | Noticed Robin
  1664 | D:2      | Killed Robin
  1922 | D:3      | Reached skill level 4 in Axes
  1992 | D:3      | Noticed Sigmund
  1993 | D:3      | Reached XP level 4. HP: 37/37 MP: 6/6
  2170 | D:3      | Gained mutation: Your spells are a little easier to cast,
                  | but a little less powerful. [potion of mutation]
  2170 | D:3      | Gained mutation: You have a considerably increased
                  | reservoir of magic. (+20% MP) [potion of mutation]
  2170 | D:3      | Gained mutation: Your skin changes colour to match your
                  | surroundings (Stealth+). [potion of mutation]
  2403 | D:3      | Killed Sigmund
  2404 | D:3      | Reached skill level 5 in Axes
  2404 | D:3      | Reached XP level 5. HP: 11/42 MP: 8/8
  2952 | D:3      | Reached skill level 6 in Axes
  2952 | D:3      | Reached XP level 6. HP: 50/50 MP: 9/9
  4010 | D:4      | HP: 1/50 [black bear (7)]
  4012 | D:4      | Reached skill level 7 in Axes
  4515 | D:4      | Noticed Duvessa
  4515 | D:4      | Noticed Dowan
  4570 | D:4      | Killed Duvessa
  4571 | D:4      | Reached XP level 7. HP: 41/56 MP: 10/10
  4659 | D:4      | Killed Dowan
  5008 | D:3      | HP: 1/56 [gnoll bouda/+0 whip (10)]
  5011 | D:3      | Reached skill level 13 in Axes
  5011 | D:3      | Reached XP level 8. HP: 2/62 MP: 11/11
  5013 | D:3      | Slain by a gnoll bouda

Illustrated notes

Levels and vault maps discovered:
D:1:      minmay_arrival_arboretum_small, layout_loops_ring, serial_shops, shop,
          shop, shop, nicolae_shop_bloodbath_and_beyond
D:2:      cheibrodos_helix_gallery, layout_basic, minmay_tetromino_s4,
          uniq_robin
D:3:      kennysheep_six_static_rooms, layout_basic,
          mainiacjoe_overflow_cross_hatched, uniq_sigmund
D:4:      layout_basic, nicolae_hepliaklqana_hazy_memory, grunt_ministairs_8,
          uniq_edmund, uniq_duvessa

Skill      XL: |  1  2  3  4  5  6  7 |
---------------+----------------------+-----
Axes           | 2 3 4 5 6 7 13 | 13.5
Fighting       | |  2.7
Armour         | |  2.7
Shields        | |  2.7

Action                   |  1- 3 |  4- 6 |  7- 9 || total
-------------------------+-------+-------+-------++-------
Melee: War axe           |    88 |    65 |       ||   153
       Flail             |       |    30 |    25 ||    55
       Dagger            |       |    12 |     3 ||    15
 Fire: Sling             |    29 |    54 |       ||    83
Throw: Stone             |     2 |       |       ||     2
       Dart              |       |     4 |       ||     4
  Use: Potion            |       |     2 |     9 ||    11
Armor: Scale mail        |    40 |    61 |     6 ||   107
Dodge: Dodged            |    46 |    53 |    13 ||   112
Block: Buckler           |    24 |    35 |     6 ||    65

Table legend: (Time is in decaauts)
 A = Elapsed time spent in this place.
 B = Non-inter-level travel time spent in this place.
 C = Inter-level travel time spent in this place.
 D = Time resting spent in this place.
 E = Time spent auto-exploring this place.
 F = Levels seen in this place.
 G = Mean time per level.
                   A        B        C        D        E       F      G
               +--------+--------+--------+--------+--------+-----+--------+
         Total |   5101 |   4878 |    223 |   1440 |   2385 |   4 | 1275.2 |
       Dungeon |   5101 |   4878 |    223 |   1440 |   2385 |   4 | 1275.2 |
               +--------+--------+--------+--------+--------+-----+--------+

Top non-repeatable levels by time:
     D:3: 1965 daAuts
     D:1: 1227 daAuts
     D:2: 964 daAuts
     D:4: 944 daAuts
